 Dungeon Crawl Stone Soup version 0.21.1 (webtiles) character file.

129 shakethe the Ruffian (level 4, 0/45 HPs)
             Began as a Troll Monk on Feb 4, 2018.
             Slain by an adder (3 damage)
             ... on level 3 of the Dungeon.
             The game lasted 00:05:57 (1496 turns).

shakethe the Ruffian (Troll Monk)                   Turns: 1496, Time: 00:05:58

Health: 0/45       AC:  5    Str: 19    XL:     4   Next: 88%
Magic:  3/3        EV: 11    Int:  6    God:
Gold:   110        SH:  0    Dex: 13    Spells: 3/3 levels left

rFire    . . .     SeeInvis .     - Unarmed
rCold    . . .     Gourm    +   (no shield)
rNeg     . . .     Faith    .   k - +0 animal skin
rPois    .         Spirit   .   (helmet restricted)
rElec    .         Reflect  .   (no cloak)
rCorr    .         Harm     .   (gloves unavailable)
MR       .....                  (boots unavailable)
Stlth    ++........             (no amulet)
HPRegen  0.55/turn              (no ring)
MPRegen  0.08/turn              (no ring)

@: lethally poisoned (0 -> -14), about to teleport
A: large, unfitting armour, claws 3, fast metabolism 3, gourmand, regeneration
1, shaggy fur 1, tough skin 2
a: no special abilities


You were on level 3 of the Dungeon.
You were completely stuffed.

You visited 1 branch of the dungeon, and saw 3 of its levels.

You collected 110 gold pieces.

Inventory:

Hand Weapons
 i - a cursed -1 short sword
Armour
 a - a +0 robe
 k - a +0 animal skin (worn)
Jewellery
 j - an uncursed amulet of rage {unknown}
Scrolls
 h - 2 scrolls of enchant armour {unknown}
 l - a scroll of random uselessness {unknown}
 o - a scroll of identify {unknown}
Potions
 e - a potion of lignification {unknown}
 f - 2 potions of ambrosia {unknown}
 g - a potion of agility {unknown}
 m - a potion of berserk rage {unknown}
 n - a potion of haste {unknown}
Comestibles
 b - 8 rations
 d - 9 chunks of flesh


   Skills:
 + Level 3.1 Fighting
 + Level 3.1 Dodging
 - Level 1.0 Stealth
 * Level 4.5 Unarmed Combat


You had 3 spell levels left.
You didn't know any spells.

Dungeon Overview and Level Annotations

Branches:
Dungeon (3/15)

Altars:

Annotations:
D:3 Sigmund


Innate Abilities, Weirdness & Mutations

You are too large for most types of armour.
You have claws for hands.
Your metabolism is lightning-fast.
You like to eat raw meat.
Your natural rate of healing is unusually fast.
You are covered in fur. (AC +1)
You have very tough skin. (AC +2)


Message History

A puff of flame appears from out of thin air!
The puff of flame hits you!
* * * LOW HITPOINT WARNING * * *
Things that are here:
a hand axe; an orc corpse
* * * LOW HITPOINT WARNING * * *
You feel very sick.
An orc wizard appears from thin air!
Reactivating autopickup.
* * * LOW HITPOINT WARNING * * *
You feel very sick.
* * * LOW HITPOINT WARNING * * *
You feel very sick.
As you read the scroll of teleportation, it crumbles to dust.
You feel strangely unstable.
* * * LOW HITPOINT WARNING * * *
You feel sick.
* * * LOW HITPOINT WARNING * * *
You feel sick. The adder bites you.
You die...

#....(........#.
#...............
##..............
##.......####..
####.#### .# #.#
.## #)### ....
#.So###.....
###@#.......
#o........
#.##...... ###
..... ..## .# #


You could see an orc wizard, an adder and an orc.

Vanquished Creatures
  Robin (D:2)
  4 adders
  3 worms (D:2)
  2 leopard geckos
  6 orcs (D:3)
  3 giant cockroaches (D:1)
  14 goblins
  10 hobgoblins
  A jackal (D:2)
  8 kobolds
  2 quokkas (D:3)
  2 bats (D:2)
  2 frilled lizards
  2 rats
60 creatures vanquished.

Notes
Turn   | Place    | Note
-------+----------+-------------------------------------------
     0 | D:1      | shakethe the Troll Monk began the quest for the Orb.
     0 | D:1      | Reached XP level 1. HP: 22/22 MP: 0/0
   153 | D:1      | Reached XP level 2. HP: 27/29 MP: 1/1
   650 | D:2      | Noticed Robin
   656 | D:2      | Reached XP level 3. HP: 30/36 MP: 2/2
   740 | D:2      | Killed Robin
   982 | D:2      | Reached skill level 4 in Unarmed Combat
  1148 | D:2      | Reached XP level 4. HP: 40/44 MP: 3/3
  1465 | D:3      | Noticed Sigmund
  1496 | D:3      | Slain by an adder

Skill      XL: |  1  2  3  4 |
---------------+-------------+-----
Unarmed Combat | 4 |  4.5
Fighting       | 3 |  3.1
Dodging        | 3 |  3.1
Stealth        | |  1.0

Action                   |  1- 3 |  4- 6 || total
-------------------------+-------+-------++-------
Melee: Unarmed           |    95 |    67 ||   162
       Punch             |     1 |     1 ||     2
  Use: Scroll            |     3 |     1 ||     4
 Stab: Sleeping          |     1 |       ||     1
  Eat: Chunk             |    16 |     3 ||    19
Armor: Robe              |    23 |       ||    23
       Animal skin       |    14 |    27 ||    41
Dodge: Dodged            |    71 |    57 ||   128
